 Dungeon Crawl Stone Soup version 0.23.1 (webtiles) character file.

Game seed: 14806259589329228583

682 Acheron the Sneak (level 7, -1/54 HPs)
             Began as a Vine Stalker Wanderer on Mar 5, 2019.
             Was an Initiate of Okawaru.
             Killed from afar by Blork the orc (4 damage)
             ... with a puff of flame
             ... on level 4 of the Dungeon.
             The game lasted 00:20:24 (3681 turns).

Acheron the Sneak (Vine Stalker Wanderer)           Turns: 3681, Time: 00:20:24

Health: -1/54      AC: 23    Str: 11    XL:     7   Next: 61%
Magic:  0/8        EV:  2    Int: 13    God:    Okawaru [......]
Gold:   159        SH:  0    Dex: 18    Spells: 6/6 levels left

rFire    . . .     SeeInvis .   r - +0 halberd (chop)
rCold    . . .     Gourm    .   (shield currently unavailable)
rNeg     + + +     Faith    .   (armour currently unavailable)
rPois    +         Spirit   +   (helmet currently unavailable)
rElec    .         Reflect  .   (cloak currently unavailable)
rCorr    .         Harm     .   (gloves currently unavailable)
MR       .....     NoTele   +   (boots currently unavailable)
Stlth    +++.......             (no amulet)
HPRegen  0.58/turn              (no ring)
MPRegen  0.11/turn              (no ring)

@: tree-form
A: regeneration 1, magic shield, no potion heal 3, rot immunity
a: Renounce Religion


You were on level 4 of the Dungeon.
You worshipped Okawaru.
Okawaru was noncommittal.
You were not hungry.
You were a tree.
You visited 2 branches of the dungeon, and saw 6 of its levels.

You collected 159 gold pieces.

Inventory:

Hand Weapons
 b - a +0 shortbow
 d - a +2 dagger of venom
 k - a +0 hunting sling
 r - a +0 halberd of chopping (weapon)
 x - a +0 hand crossbow
 y - a +0 spear of venom
 z - a +3 mace of holy wrath
Missiles
 c - 43 arrows
 e - 8 javelins (quivered)
 l - 37 stones
 m - 14 poisoned needles
Armour
 a - a +2 scale mail (melded)
 o - a +1 helmet (melded)
 t - a +1 pair of gloves (melded)
Wands
 D - a wand of random effects (11)
Scrolls
 g - a scroll of fear
 h - 2 scrolls of teleportation
 j - 5 scrolls of identify
 q - 3 scrolls of remove curse
 s - a scroll of magic mapping {unknown}
 A - a scroll of amnesia
Potions
 n - a potion of flight {unknown}
 p - a potion of resistance {unknown}
 u - a potion of heal wounds {unknown}
 v - a potion of agility {unknown}
 w - 2 potions of cancellation {unknown}
 B - a potion of magic
Comestibles
 f - 9 rations


   Skills:
 * Level 3.2 Fighting
 + Level 2.1 Short Blades
   Level 2.6(3.1) Axes
 + Level 2.2(2.9) Polearms
 + Level 2.0 Bows
 + Level 4.1 Armour
 * Level 2.1 Dodging
 * Level 5.0 Stealth


You had 6 spell levels left.
You didn't know any spells.
Your spell library was empty.

Dungeon Overview and Level Annotations

Branches:
Dungeon (5/15)             Temple (1/1) D:4

Altars:
Ashenzari
Dithmenos
Elyvilon
Fedhas
Hepliaklqana
Kikubaaqudgha
Makhleb
Nemelex Xobeh
Okawaru
Qazlal
Sif Muna
Vehumet
Xom
Yredelemnul
The Shining One

Annotations:
D:4 Blork the orc
D:5 Dowan, Duvessa


Innate Abilities, Weirdness & Mutations

((You have extremely sharp teeth.))
Your natural rate of healing is unusually fast.
When hurt, damage is shared between your health and your magic reserves.
((Your bite disrupts and absorbs the magic of your enemies.))
Potions cannot restore your health.
You are immune to rotting.


Message History

You turn into a tree.
Your +1 helmet melds into your body.
Your +1 pair of gloves melds into your body.
Your +2 scale mail melds into your body.
Your roots penetrate the ground.
You hear some strange, mumbled words.
A magic dart appears from out of thin air!
The magic dart hits you but does no damage.
You barely miss something.
You hear some strange, mumbled words.
A magic dart appears from out of thin air!
The magic dart hits you.
* * * LOW HITPOINT WARNING * * *
You hear some strange, mumbled words.
A puff of frost appears from out of thin air!
The puff of frost hits you but does no damage.
You hit something. Something hits you but does no damage.
You hear some strange, mumbled words.
A puff of flame appears from out of thin air!
The puff of flame hits you.
You die...

#.......................^..##. #
####.......###.............##.
#######.......#####.##........##.
##..................##........##.
..........#.####..............##.
)#.########.# #..............##.
##.########.# #..............##.
............####.#............##.
##.#######..##..♣{...............
#.......##......#.#..########.##.
........##....###.# .............
#.......#...###...##........#.###
#.........#........#........'....
#.......#...##..>..##.......#.###
#.......##...#........#.... #.#
#............##...###...#####.###
#........#....#.###.........#.##.


There were no monsters in sight!

Vanquished Creatures
  Sigmund (D:4)
  2 hounds (D:4)
  An orc wizard (D:4)
  2 orc priests
  Natasha (thrice) (D:2)
  Robin (D:4)
  8 gnolls
  A howler monkey skeleton (D:4)
  6 adders
  An ooze (D:4)
  An adder skeleton (D:4)
  A worm (D:3)
  3 dart slugs (D:3)
  A leopard gecko (D:4)
  12 orcs
  11 bats
  2 giant cockroaches
  14 goblins
  10 hobgoblins
  15 jackals
  3 quokkas
  2 frilled lizards
  6 kobolds
  A leopard gecko skeleton (D:4)
  12 rats
120 creatures vanquished.

Notes
Turn   | Place    | Note
-------+----------+-------------------------------------------
     0 | D:1      | Acheron the Vine Stalker Wanderer began the quest for the
                  | Orb.
     0 | D:1      | Acheron set off with the following items: a +2 scale mail,
                  | a +0 shortbow, 26 arrows, a potion of lignification, a +0
                  | dagger, a ration
     0 | D:1      | Reached XP level 1. HP: 10/10 MP: 2/2
   123 | D:1      | Reached XP level 2. HP: 14/14 MP: 3/3
   562 | D:3      | Reached skill level 1 in Bows
   562 | D:3      | Reached XP level 3. HP: 14/18 MP: 2/4
   893 | D:2      | Noticed Natasha
   903 | D:2      | Killed Natasha
   903 | D:2      | Reached skill level 3 in Stealth
   903 | D:2      | Gained mutation: Your natural rate of healing is unusually
                  | fast. [Vine Stalker growth]
   903 | D:2      | Reached XP level 4. HP: 5/22 MP: 1/5
  1049 | D:2      | Noticed Natasha
  1057 | D:2      | Killed Natasha
  1057 | D:2      | Reached skill level 1 in Dodging
  1189 | D:2      | Noticed Natasha
  1196 | D:2      | Killed Natasha
  1196 | D:2      | Reached XP level 5. HP: 26/26 MP: 6/6
  2003 | D:3      | Reached skill level 1 in Short Blades
  2147 | D:3      | Reached XP level 6. HP: 24/30 MP: 7/7
  2306 | D:3      | Found a sparkling altar of Nemelex Xobeh.
  2375 | D:3      | Reached skill level 4 in Stealth
  2577 | D:5      | Entered Level 5 of the Dungeon
  2679 | D:4      | Noticed Blork the orc
  2739 | D:4      | Noticed Sigmund
  2817 | D:5      | Noticed Duvessa
  2817 | D:5      | Noticed Dowan
  2858 | D:4      | Found a blossoming altar of Fedhas.
  2861 | D:4      | Found an ancient bone altar of Kikubaaqudgha.
  2900 | D:4      | HP: 1/32 [orc/+0 mace (2)]
  3032 | D:4      | Noticed Robin
  3091 | D:4      | Killed Sigmund
  3091 | D:4      | Reached skill level 1 in Polearms
  3091 | D:4      | Reached XP level 7. HP: 28/36 MP: 6/8
  3099 | D:4      | Killed Robin
  3387 | D:4      | Found a staircase to the Ecumenical Temple.
  3401 | Temple   | Entered the Ecumenical Temple
  3464 | Temple   | Became a worshipper of Warmaster Okawaru
  3608 | D:4      | Reached skill level 5 in Stealth
  3680 | D:4      | HP: 2/54 [something/magic dart (3)]
  3681 | D:4      | Killed from afar by Blork the orc

Skill      XL: |  1  2  3  4  5  6  7 |
---------------+----------------------+-----
Bows           | 1 2 |  2.0
Stealth        | 3 4 5 |  5.0
Dodging        | 1 2 |  2.1
Fighting       | 2 3 |  3.2
Short Blades   | 1 2 |  2.1
Armour         | 4 |  4.1
Polearms       | 1 2 |  2.2
Axes           | |  2.6

Action                   |  1- 3 |  4- 6 |  7- 9 || total
-------------------------+-------+-------+-------++-------
Melee: Dagger            |    38 |   169 |       ||   207
       Bite              |    11 |    70 |    18 ||    99
       Halberd           |       |    86 |    56 ||   142
 Fire: Shortbow          |    40 |       |       ||    40
  Use: Scroll            |       |    11 |       ||    11
       Potion            |       |     1 |     1 ||     2
 Stab: Sleeping          |       |     2 |     2 ||     4
  Eat: Chunk             |       |     7 |     2 ||     9
Armor: Scale mail        |    50 |   187 |    38 ||   275
       Skin              |       |       |     3 ||     3
Dodge: Dodged            |    27 |   155 |    34 ||   216
